 Dungeon Crawl Stone Soup version 0.29.1-12-g30fa7ad0bf (webtiles) character file.

Game seed: 5289481964778173108

63 Tiocfaidh the Digger (level 4, -2/30 HPs)
             Began as a Formicid Earth Elementalist on Dec 30, 2022.
             Slain by Terence
             ... wielding a +0 hand axe
              (5 damage)
             ... on level 2 of the Dungeon.
             The game lasted 00:05:32 (955 turns).

Tiocfaidh the Digger (Formicid Earth Elementalist)   Turns: 955, Time: 00:05:33

Health: -2/30      AC:  2    Str: 12    XL:     4   Next: 30%
Magic:  5/8        EV: 12    Int: 17    God:
Gold:   29         SH:  0    Dex: 14    Spells: 8/9 levels left

rFire   . . .      SeeInvis +   f - +1 mace (venom)
rCold   . . .      Faith    .   (no shield)
rNeg    . . .      Spirit   .   a - +0 robe
rPois   .          Reflect  .   (helmet unavailable)
rElec   .          Harm     .   (no cloak)
rCorr   .          Rampage  .   (no gloves)
Will    .....                   (no boots)
Stlth   ++........              (no amulet)
HPRegen 0.10/turn               (no ring)
MPRegen 0.11/turn               (no ring)

@: no status effects
A: permanent stasis, dig shafts and tunnels, antennae 3, four strong arms
a: Dig, Shaft Self


You were on level 2 of the Dungeon.
You visited 1 branch of the dungeon, and saw 2 of its levels.

You collected 29 gold pieces.

Inventory:

Hand Weapons
 f - a +1 mace of venom (weapon)
Armour
 a - a +0 robe (worn)
Scrolls
 d - a scroll of silence {unknown}
 g - a scroll of poison {unknown}
Potions
 b - a potion of magic
 c - a potion of cancellation {unknown}
 e - a potion of haste {unknown}
 h - a potion of degeneration {unknown}


   Skills:
 + Level 1.9 Dodging
 + Level 2.5 Stealth
 + Level 3.3 Spellcasting
 + Level 1.3 Transmutations
 + Level 4.7 Earth Magic


You had 8 spell levels left.
You knew the following spells:

 Your Spells              Type           Power      Damage    Failure   Level
a - Sandblast             Erth           36%        2d10      2%          1

Your spell library contained the following spells:

 Spells                   Type           Power      Damage    Failure   Level
 Passwall                 Tmut/Erth      10%        N/A       8%          2
 Stone Arrow              Conj/Erth      20%        3d8       19%         3
 Petrify                  Tmut/Erth      13%        N/A       43%         4


Dungeon Overview and Level Annotations

Branches:
Dungeon (2/15)

Altars:

Annotations:
D:2 Terence


Innate Abilities, Weirdness & Mutations

You cannot be hasted, slowed, berserked, paralysed or teleported.
You can dig through walls and to a lower floor.
You have a pair of large antennae on your head. (SInv)
Your four strong arms can wield two-handed weapons with a shield.


Message History

You closely miss Terence.
Terence is moderately wounded.
Terence hits you with a +0 hand axe. x2
You barely miss Terence.
Terence is moderately wounded.
Terence completely misses you.
You hit Terence but do no damage.
Terence is poisoned.
Terence is moderately wounded.
Terence hits you with a +0 hand axe! Terence hits you with a +0 hand axe.
Aiming: Sandblast (safe; 2% risk of failure)
Press: ? - help, Q - select action, (/) - cycle Shift-Dir - straight line, f/p - Terence
Aim: Terence, wielding a +0 hand axe and wearing a +0 chain mail (heavily wounded, very poisoned, 87% to hit)
The blast of sand hits Terence but does no damage.
Terence is heavily wounded.
Terence hits you with a +0 hand axe!
* * * LOW HITPOINT WARNING * * *
Aiming: Sandblast (safe; 2% risk of failure)
Press: ? - help, Q - select action, (/) - cycle Shift-Dir - straight line, f/p - Terence
Aim: Terence, wielding a +0 hand axe and wearing a +0 chain mail (heavily wounded, very poisoned, 87% to hit)
The blast of sand hits Terence.
Terence is heavily wounded.
Terence bares his teeth.
Terence barely misses you. Terence hits you with a +0 hand axe.
* * * LOW HITPOINT WARNING * * *
Terence attacks as you move away! Terence closely misses you.
Terence says, "Don't bother to defend, it's pointless."
Terence attacks as you move away! Terence misses you.
Terence looks more healthy.
Aiming: Sandblast (safe; 2% risk of failure)
Press: ? - help, Q - select action, (/) - cycle Shift-Dir - straight line, f/p - Terence
Aim: Terence, wielding a +0 hand axe and wearing a +0 chain mail (severely wounded, 87% to hit)
The blast of sand misses Terence.
Terence barely misses you.
Aiming: Sandblast (safe; 2% risk of failure)
Press: ? - help, Q - select action, (/) - cycle Shift-Dir - straight line, f/p - Terence
Aim: Terence, wielding a +0 hand axe and wearing a +0 chain mail (severely wounded, 87% to hit)
The blast of sand hits Terence but does no damage.
Terence is severely wounded.
Terence hits you with a +0 hand axe.
You die...

.####. #..# #.#.. ....#.##
#..# #.#.# .......# #..#
#.#.# #..#..###..## ##)#.#
#...........# #.)<.#
#.##........# #.)######
#...........# #.).....#
.#.#.....####@.#
#.#####...
.......†....@..# #.#
###.##$.####..# #.# #.
#..# ##..# #.#
###.##..###...## #.#
........##.###.###.#######
###......#.# #............
#........###.....#######
#......##...######
#.#...#####.#


You could see Terence.

Vanquished Creatures
  4 gnolls
  A dart slug (D:1)
  4 endoplasms
  A goblin (D:1)
  2 kobolds
  A quokka (D:1)
  3 ball pythons
  4 bats (D:1)
  2 frilled lizards (D:1)
  4 rats (D:1)
26 creatures vanquished.

Notes
Turn   | Place    | Note
-------+----------+-------------------------------------------
     0 | D:1      | Tiocfaidh the Formicid Earth Elementalist began the quest
                  | for the Orb.
     0 | D:1      | Reached XP level 1. HP: 13/13 MP: 3/3
   228 | D:1      | Reached skill level 4 in Earth Magic
   228 | D:1      | Reached XP level 2. HP: 19/19 MP: 3/5
   264 | D:1      | Found a faded altar of an unknown god.
   555 | D:1      | Reached XP level 3. HP: 24/24 MP: 6/6
   717 | D:1      | Reached XP level 4. HP: 17/30 MP: 3/8
   880 | D:2      | Noticed Terence
   938 | D:2      | HP: 1/30 [Terence/+0 hand axe (5)]
   955 | D:2      | Slain by Terence

Illustrated notes

Levels and vault maps discovered:
D:1:      wheals_arrival_shading, layout_rooms,
          shapermc_ecumenical_altar_mp_vishouse, chequers_serial_rivers_small_b
D:2:      layout_loops_ring, uniq_terence

Skill      XL: |  1  2  3 |
---------------+----------+-----
Earth Magic    | 4 |  4.7
Spellcasting   | 3 |  3.3
Dodging        | |  1.9
Stealth        | |  2.5
Transmutations | |  1.3

Action                   |  1- 3 |  4- 6 || total
-------------------------+-------+-------++-------
Melee: Mace              |     3 |     4 ||     7
 Cast: Sandblast         |    29 |    10 ||    39
 Stab: Sleeping          |     1 |       ||     1
Dodge: Dodged            |     4 |     7 ||    11
